 Dungeon Crawl Stone Soup version 0.30-a0-219-gf2db51d15e (webtiles) character file.

Game seed: 9017617881636487616

669 KennySheep the Magician (level 7, -1/40 HPs)
             Began as a Deep Elf Hedge Wizard on Oct 7, 2022.
             Was an Initiate of Ru.
             Slain by a phantom (6 damage)
             ... on level 5 of the Dungeon.
             The game lasted 00:22:35 (6542 turns).

KennySheep the Magician (Deep Elf Hedge Wizard)     Turns: 6542, Time: 00:22:36

Health: -1/40      AC:  2    Str:  7    XL:     7   Next: 32%
Magic:  18/18      EV: 14    Int: 19    God:    Ru [......]
Gold:   177        SH:  0    Dex: 18    Spells: 10/18 levels left

rFire   . . .      SeeInvis .    a - +0 sling
rCold   . . .      Faith    .    (no shield)
rNeg    + . .      Spirit   .    j - +0 robe
rPois   .          Reflect  .    c - +0 hat
rElec   .          Harm     .    (no cloak)
rCorr   .          Rampage  .    (no gloves)
Will    .....                    (no boots)
Stlth   ++........               w - amulet "Ynole" {RegenMP rN+ Dex+2}
HPRegen 0.26/turn                (no ring)
MPRegen 0.56/turn                (no ring)

@: no status effects
A: no striking features
a: Renounce Religion


You were on level 5 of the Dungeon.
You worshipped Ru.
Ru was noncommittal.
You visited 2 branches of the dungeon, and saw 7 of its levels.

You collected 274 gold pieces.
You spent 97 gold pieces at shops.

Inventory:

Hand Weapons
 a - a +0 sling (weapon)
 b - a +2 short sword of electrocution
 d - a +1 dagger of draining
 o - a +0 dagger
 v - a +1 rapier of venom
Missiles
 l - 2 throwing nets
Armour
 c - a +0 hat (worn)
 j - a +0 robe (worn)
Jewellery
 s - an amulet of magic regeneration
 w - the amulet "Ynole" (around neck) {RegenMP rN+ Dex+2}
   (You found it on level 3 of the Dungeon)

   [amulet of magic regeneration]

   It increases your rate of magic regeneration.
   Dex:       It affects your dexterity (+2).
   rN:        It protects you from negative energy.
Wands
 k - a wand of mindburst (12)
Scrolls
 e - a scroll of fog {unknown}
 f - a scroll of poison {unknown}
 p - a scroll of torment {unknown}
 q - a scroll of immolation
 t - a scroll of vulnerability
 u - 2 scrolls of blinking
 x - 3 scrolls of teleportation
 y - a scroll of magic mapping
Potions
 g - a potion of berserk rage {unknown}
 h - a potion of heal wounds {unknown}
 i - 2 potions of flight {unknown}
 m - a potion of attraction {unknown}
 n - 2 potions of mutation {unknown}
 r - 2 potions of brilliance {unknown}
 z - a potion of degeneration {unknown}
 A - a potion of curing {unknown}


   Skills:
 + Level 2.2 Fighting
 * Level 5.8 Ranged Weapons
 + Level 2.2 Armour
 + Level 4.5 Dodging
 - Level 2.4 Stealth
 - Level 6.0 Spellcasting
 - Level 1.1 Conjurations
 + Level 1.2 Summonings
 + Level 2.0 Translocations


You had 10 spell levels left.
You knew the following spells:

 Your Spells              Type           Power      Damage    Failure   Level
a - Magic Dart            Conj           36%        1d4       7%          1
b - Blink                 Tloc           26%        N/A       8%          2
c - Call Imp              Summ           10%        N/A       10%         2
d - Slow                  Hex            20%        N/A       11%         1
e - Cigotuvi's Dreadful   Necr/Pois/Air  10%        N/A       17%         2

Your spell library contained the following spells:

 Spells                   Type           Power      Damage    Failure   Level
 Beastly Appendage        Tmut           10%        N/A       11%         1
 Wereblood                Tmut           5%         N/A       17%         2
 Portal Projectile        Hex/Tloc       18%        N/A       22%         3
 Mephitic Cloud           Conj/Pois/Air  7%         N/A       28%         3
 Spider Form              Tmut/Pois      5%         N/A       32%         3
 Tukima's Dance           Hex            5%         N/A       32%         3
 Manifold Assault         Tloc           13%        N/A       43%         4
 Blade Hands              Tmut           2%         N/A       97%         5
 Dispersal                Tloc           6%         N/A       100%        6
 Disjunction              Tloc           6%         N/A       100%        8


Dungeon Overview and Level Annotations

Branches:
Dungeon (6/15)             Temple (1/1) D:4

Altars:
Ashenzari
Cheibriados
Dithmenos
Elyvilon
Kikubaaqudgha
Nemelex Xobeh
Okawaru
Qazlal
Ru
Sif Muna
Trog
Uskayaw
Vehumet
Wu Jian
Xom
Yredelemnul
Zin
The Shining One

Shops:
D:2 *   D:3 [*

Annotations:
D:2 1 runed translucent door, Crazy Yiuf
D:3 Pargi
D:4 3 runed translucent doors, Darkkill's ghost, amateur DrHu; SirDiesAlot's ghost, novice MfCj; baller8008's ghost, amateur AtFi; liarliar's ghost, amateur OpTm; ryw's ghost, novice HuFi


Message History

You shoot a sling bullet.
The sling bullet closely misses the phantom.
The phantom barely misses you.
You shoot a sling bullet.
The sling bullet barely misses the phantom.
The phantom misses you.
You shoot a sling bullet. The sling bullet misses the phantom.
The phantom hits you.
You shoot a sling bullet. The sling bullet hits the phantom.
The phantom is heavily damaged.
The phantom hits you. x2
You shoot a sling bullet.
The sling bullet closely misses the phantom.
The phantom closely misses you.
You shoot a sling bullet.
The sling bullet barely misses the phantom.
The phantom closely misses you.
You shoot a sling bullet.
The sling bullet barely misses the phantom.
The phantom hits you.
You shoot a sling bullet.
The sling bullet closely misses the phantom.
The phantom hits you!
* * * LOW HITPOINT WARNING * * *
Casting: Call Imp (safe; 10% risk of failure)
Confirm with . or Enter, or press ? or * to list all spells.
A shadowy apparition takes form in the air.
The phantom completely misses you.
You shoot a sling bullet. The sling bullet hits the phantom!
The phantom is severely damaged.
The phantom hits you but does no damage.
You shoot a sling bullet.
The sling bullet completely misses the phantom.
The phantom hits you!
* * * LOW HITPOINT WARNING * * *
Your shadow imp hits the phantom but does no damage.
You shoot a sling bullet.
The sling bullet barely misses the phantom.
The phantom hits you.
You die...

#..............#......###
########............#########.#.
....................# ##.#
########.###.#.###..# #.# #.#
#.#...#..# #.# #.# #.###.#..#
#.# #.# #.##.....# #.# #.#
#.#.5...)# #.# #.# #...@W..<##
#####.. #.###.........#
#........ #.............#
#.####### #####.........# #
#.........###. # #.#...........
# #...?........# .
##########..... . ##### ##


You could see a phantom (ally target) and a friendly shadow imp (summoned).

Vanquished Creatures
  An ice beast (D:5)
  A necrophage (D:5)
  A hound (D:5)
  3 iguanas
  10 gnolls
  8 adders
  An ufetubus (D:5)
  A worm (D:5)
  2 dart slugs
  3 orcs (D:4)
  7 ball pythons
  6 endoplasms
  7 giant cockroaches
  13 goblins
  9 hobgoblins
  2 jackals (D:1)
  4 quokkas
  8 bats
  4 frilled lizards
  6 kobolds
  8 rats
105 creatures vanquished.

Vanquished Creatures (collateral kills)
  A hound (D:4)
  An iguana (D:4)
  An orc wizard (D:4)
  2 gnolls (D:2)
  2 adders
  An orc (D:4)
  A ball python (D:4)
  A hobgoblin (D:2)
  A quokka (D:4)
11 creatures vanquished.

Grand Total: 116 creatures vanquished

Notes
Turn   | Place    | Note
-------+----------+-------------------------------------------
     0 | D:1      | KennySheep the Deep Elf Hedge Wizard began the quest for
                  | the Orb.
     0 | D:1      | Reached XP level 1. HP: 10/10 MP: 7/7
   121 | D:1      | Reached skill level 1 in Ranged Weapons
   155 | D:1      | Reached XP level 2. HP: 15/15 MP: 5/9
   195 | D:1      | Learned a level 2 spell: Blink
   198 | D:1      | Learned a level 2 spell: Call Imp
   200 | D:1      | Learned a level 1 spell: Slow
   203 | D:1      | Learned a level 2 spell: Cigotuvi's Dreadful Rot
   774 | D:1      | Reached XP level 3. HP: 20/20 MP: 9/11
  1178 | D:2      | Found Oxogazio's General Store.
  1349 | D:2      | Reached skill level 5 in Spellcasting
  1559 | D:2      | Found a faded altar of an unknown god.
  1699 | D:2      | Found a runed translucent door.
  1700 | D:2      | Noticed Crazy Yiuf
  1855 | D:2      | HP: 1/20 [gnoll/+0 spear (9)]
  1981 | D:2      | Reached XP level 4. HP: 9/24 MP: 5/13
  2062 | D:2      | Reached skill level 1 in Fighting
  2655 | D:3      | Found Ming's General Store.
  2659 | D:3      | Reached skill level 1 in Armour
  2660 | D:3      | Noticed Pargi
  3003 | D:3      | Found a radiant altar of Vehumet.
  3053 | D:3      | Reached XP level 5. HP: 28/29 MP: 15/15
  3208 | D:3      | Found Keduf's Armour Emporium.
  3325 | D:2      | Bought a scroll of blinking for 97 gold pieces
  3423 | D:3      | Identified the amulet "Ynole" {RegenMP rN+ Dex+2}
  3776 | D:4      | Identified the +1 scale mail of Gozag's Vengeance {Harm
                  | Str+7}
  3802 | D:4      | Found a stormy altar of Qazlal.
  4101 | D:4      | Found a runed translucent gate.
  4101 | D:4      | Found a runed translucent gate.
  4101 | D:4      | Found a runed translucent gate.
  4102 | D:4      | Noticed ryw's ghost (novice HuFi)
  4102 | D:4      | Noticed baller8008's ghost (amateur AtFi)
  4102 | D:4      | Noticed Darkkill's ghost (amateur DrHu)
  4102 | D:4      | Noticed SirDiesAlot's ghost (novice MfCj)
  4102 | D:4      | Noticed liarliar's ghost (amateur OpTm)
  4207 | D:5      | Entered Level 5 of the Dungeon
  4291 | D:5      | Reached XP level 6. HP: 14/24 MP: 14/16
  4299 | D:5      | Noticed an ice beast
  5141 | D:5      | Reached skill level 6 in Spellcasting
  5388 | D:4      | HP: 1/29 [iguana (8)]
  5409 | D:4      | Reached skill level 5 in Ranged Weapons
  5740 | D:4      | Found a staircase to the Ecumenical Temple.
  5830 | Temple   | Entered the Ecumenical Temple
  6034 | Temple   | Became a worshipper of Ru the Awakened
  6157 | D:4      | Reached XP level 7. HP: 38/39 MP: 18/18
  6542 | D:5      | Slain by a phantom

Illustrated notes

Levels and vault maps discovered:
D:1:      moated_graveyard_arrival, layout_basic, minmay_tetromino_i2
D:2:      cheibrodos_greedy_goblins, layout_loops_ring, serial_shops,
          nicolae_shop_statue_plus, basic_ecumenical_altar,
          uniq_crazy_yiuf_cottage
D:3:      layout_basic, nicolae_vehumet_altar_sigil, serial_shops,
          nicolae_shop_advertising_works [nicolae_subvault_shop_adworks],
          shop_statue, uniq_pargi
D:4:      layout_rooms, temple_fountains, gammafunk_ghost_cemetery,
          minmay_ruined_shrine
D:5:      layout_loops_ring
D:6:      minmay_chambers_of_sixes, layout_loops_corners, serial_shops,
          kennysheep_mini_moat, nicolae_shop_overgrown_old_shop,
          nicolae_shop_hallway_plus, nicolae_diamond_shop, nicolae_square_shop
Temple:   nicolae_temple_bog_church

Skill      XL: |  1  2  3  4  5  6  7 |
---------------+----------------------+-----
Ranged Weapons | 1 2 3 4 5 |  5.8
Spellcasting   | 5 6 |  6.0
Dodging        | 3 4 |  4.5
Fighting       | 1 2 |  2.2
Armour         | 1 2 |  2.2
Translocations | 2 |  2.0
Stealth        | |  2.4
Conjurations   | |  1.1
Summonings     | |  1.2

Action                   |  1- 3 |  4- 6 |  7- 9 || total
-------------------------+-------+-------+-------++-------
Melee: Dagger            |    16 |       |       ||    16
       Punch             |     1 |     1 |       ||     2
       Short sword       |    12 |     5 |       ||    17
 Fire: Sling             |       |   290 |    67 ||   357
 Cast: Magic Dart        |   131 |     6 |       ||   137
       Call Imp          |     2 |    27 |     7 ||    36
       Slow              |       |    10 |       ||    10
       Blink             |       |     5 |    11 ||    16
       Cigotuvi's Dreadf |       |     5 |       ||     5
  Use: Potion            |     1 |       |       ||     1
       Scroll            |       |     4 |       ||     4
Armor: Robe              |    12 |    35 |     1 ||    48
Dodge: Dodged            |    42 |   127 |    29 ||   198

Table legend: (Time is in decaauts)
 A = Elapsed time spent in this place.
 B = Non-inter-level travel time spent in this place.
 C = Inter-level travel time spent in this place.
 D = Time resting spent in this place.
 E = Time spent auto-exploring this place.
 F = Levels seen in this place.
 G = Mean time per level.
                   A        B        C        D        E       F      G
               +--------+--------+--------+--------+--------+-----+--------+
         Total |   6612 |   6343 |    269 |   1519 |   3373 |   7 |  944.6 |
       Dungeon |   6385 |   6157 |    228 |   1519 |   3202 |   6 | 1064.2 |
        Temple |    226 |    186 |     40 |      0 |    171 |   1 |  226.0 |
               +--------+--------+--------+--------+--------+-----+--------+

Top non-repeatable levels by time:
     D:2: 1621 daAuts
     D:5: 1380 daAuts
     D:4: 1289 daAuts
     D:1: 1177 daAuts
     D:3: 914 daAuts
  Temple: 226 daAuts
     D:6: 1 daAuts
